 Dungeon Crawl Stone Soup version 0.29.1-1-gd02db6906a (webtiles) character file.

Game seed: 8719136719250039535

10 Jakudza the Gusty (level 2, -1/15 HPs)
             Began as a Tengu Air Elementalist on Oct 1, 2022.
             Slain by a hobgoblin (3 damage)
             ... on level 1 of the Dungeon.
             The game lasted 00:01:12 (367 turns).

Jakudza the Gusty (Tengu Air Elementalist)           Turns: 367, Time: 00:01:13

Health: -1/15      AC:  2    Str:  8    XL:     2   Next: 20%
Magic:  3/6        EV: 12    Int: 15    God:
Gold:   25         SH:  0    Dex: 14    Spells: 4/5 levels left

rFire   . . .      SeeInvis .   (no weapon)
rCold   . . .      Faith    .   (no shield)
rNeg    . . .      Spirit   .   a - +0 robe
rPois   .          Reflect  .   (helmet restricted)
rElec   .          Harm     .   (no cloak)
rCorr   .          Rampage  .   (no gloves)
Will    .....                   (boots unavailable)
Stlth   ++........              (no amulet)
HPRegen 0.05/turn               (no ring)
MPRegen 0.10/turn               (no ring)

@: no status effects
A: beak, talons 3
a: no special abilities


You were on level 1 of the Dungeon.
You visited 1 branch of the dungeon, and saw 1 of its levels.

You collected 25 gold pieces.

Inventory:

Armour
 a - a +0 robe (worn)
Scrolls
 e - a scroll of blinking {unknown}
Potions
 b - a potion of magic
 c - a potion of heal wounds {unknown}
 d - a potion of mutation {unknown}


   Skills:
 + Level 0.0 Fighting
 + Level 2.3 Dodging
 - Level 2.1 Stealth
 + Level 2.1 Spellcasting
 * Level 1.9 Conjurations
 * Level 4.2 Air Magic


You had 4 spell levels left.
You knew the following spells:

 Your Spells              Type           Power      Damage    Failure   Level
a - Shock                 Conj/Air       40%        1d5       6%          1

Your spell library contained the following spells:

 Spells                   Type           Power      Damage    Failure   Level
 Static Discharge         Conj/Air       10%        3-5/arc   10%         2
 Swiftness                Air            14%        N/A       12%         3
 Airstrike                Air            7%         2d(1-17)  36%         4


Dungeon Overview and Level Annotations

Branches:
Dungeon (1/15)

Altars:


Innate Abilities, Weirdness & Mutations

You have a beak for a mouth.
You have claws for feet.


Message History

The frilled lizard hisses angrily.
The goblin shouts!
The hobgoblin hits you.
You closely miss the hobgoblin.
You claw the hobgoblin, but do no damage.
Your peck misses the hobgoblin. The hobgoblin hits you.
The endoplasm quivers.
You hit the hobgoblin.
The hobgoblin is lightly wounded.
The hobgoblin hits you.
You hit the hobgoblin but do no damage. Your kick misses the hobgoblin.
The hobgoblin is lightly wounded.
The hobgoblin barely misses you.
You hit the hobgoblin but do no damage. Your kick misses the hobgoblin.
You peck the hobgoblin, but do no damage.
The hobgoblin is lightly wounded.
The hobgoblin hits you.
* * * LOW HITPOINT WARNING * * *
The frilled lizard hisses.
The frilled lizard misses you.
Unknown command.
You are too injured to fight recklessly!
You are too injured to fight recklessly!
You are too injured to fight recklessly!
Casting: Shock (safe; 6% risk of failure)
Confirm with . or Enter, or press ? or * to list all spells.
Aiming: Shock (safe; 6% risk of failure)
Press: ? - help, Shift-Dir - straight line The zap misses the hobgoblin.
The zap hits the hobgoblin.
The hobgoblin is moderately wounded.
The hobgoblin closely misses you. The frilled lizard bites you.
* * * LOW HITPOINT WARNING * * *
Casting: Shock (safe; 6% risk of failure)
Confirm with . or Enter, or press ? or * to list all spells.
Aiming: Shock (safe; 6% risk of failure)
Press: ? - help, Shift-Dir - straight line, f - goblin
Aim: a goblin, wielding a +0 club (60% to hit)
The zap hits the frilled lizard.
You kill the frilled lizard!
The zap misses the goblin.
The hobgoblin hits you.
You die...

#.#
#.###########>....
#.###.# #...#.
#.....## #####.
#####...###### #.
.......#......# #.
.####....##.....
#. #.#.## #.#! #.
.####.#.# .. ..
.....g†@# ..
.8...Jg)#
.._..>#..
.8....#### ......
.####


You could see an endoplasm, a hobgoblin and a goblin.

Vanquished Creatures
  A giant cockroach (D:1)
  A goblin (D:1)
  A hobgoblin (D:1)
  A quokka (D:1)
  A ball python (D:1)
  A frilled lizard (D:1)
  4 kobolds (D:1)
  A rat (D:1)
11 creatures vanquished.

Notes
Turn   | Place    | Note
-------+----------+-------------------------------------------
     0 | D:1      | Jakudza the Tengu Air Elementalist began the quest for the
                  | Orb.
     0 | D:1      | Reached XP level 1. HP: 10/10 MP: 4/4
   187 | D:1      | Reached XP level 2. HP: 11/15 MP: 0/6
   360 | D:1      | Found a faded altar of an unknown god.
   367 | D:1      | Slain by a hobgoblin

Illustrated notes

Levels and vault maps discovered:
D:1:      dreamdust_arrival_beginning_and_end, layout_loops_ring,
          dreamdust_ecumenical_altar_statues

Action                   || total
-------------------------++-------
Melee: Unarmed           ||    12
       Peck              ||     2
       Kick              ||     3
 Cast: Shock             ||    16
Dodge: Dodged            ||     8
